AoeStats
← tuberculito

Pilgrims

508335971Analyzed
4v4 RM · 11d ago on Sep 22, 2026· 54m 51s· 8 players
Game mode
Random Map
Map size
Large (8 player)
Population
200
Speed
Normal
Resources
Standard
Victory
Conquest
Starting age
Dark Age
Ending age
Imperial Age
RankedLock teamsTeams togetherTeam positionsShared explorationLock speedFull tech treeHidden civsTurbo modeCheats
Victory
Defeat
🇦🇷 Persians · Argentina
815
+13
🇧🇷 Spanish · Brazil
780
+14
🇺🇸 Japanese · United States
775
+14
🇹🇷 Cumans · Türkiye
731
+16
🇺🇸 Spanish · United States
799
-16
🇨🇱 Maya · Chile
731
-14
🇨🇱 Britons · Chile
723
-14
🇨🇱 Khmer · Chile
702
-13
Dancen lepercon
11:37 Feudal Age
19:02 Castle Age
17:15 Double-Bit Axe
17:59 Fishing Lines
20:56 Wheelbarrow
21:00 Medium Warships
21:30 Bow Saw
21:57 Stone Mining
21:59 Gold Mining
24:59 Hand Cart
25:21 Horse Collar
28:19 Careening
28:22 Clinker Construction
28:34 Ballistics
29:05 Thumb Ring
29:05 Husbandry
29:16 Bloodlines
33:48 Imperial Age
32:15 Fletching
32:26 Padded Archer Armor
32:37 Forging
33:13 Gillnets
34:14 Gambesons
34:31 Squires
38:49 Chemistry
41:50 Iron Casting
41:15 Scale Mail Armor
41:32 Leather Archer Armor
41:12 Bodkin Arrow
41:39 Leather Archer Armor
41:19 Bodkin Arrow
42:01 Parthian Tactics
40:59 Heavy Cavalry Archer
44:51 Pikeman
47:21 Heavy Plow
48:01 Gold Shaft Mining
48:30 Blast Furnace
49:07 Kataparuto
50:45 Caravan
51:16 Coinage
51:51 Elite Samurai
55:40 Chain Mail Armor
55:58 Ring Archer Armor
55:29 Bracer
massanka21
5:31 Loom
15:52 Feudal Age
17:02 Double-Bit Axe
17:03 Fishing Lines
18:08 Wheelbarrow
21:26 Castle Age
19:11 Horse Collar
20:26 Fletching
21:42 Bloodlines
22:47 Scale Barding Armor
23:16 Medium Warships
22:58 Gillnets
27:12 Steppe Husbandry
28:42 Light Cavalry
29:36 Forging
29:22 Stone Mining
29:49 Bow Saw
29:40 Heavy Plow
31:14 Bodkin Arrow
31:55 Iron Casting
31:38 Padded Archer Armor
34:19 Hand Cart
35:36 Chain Barding Armor
35:17 Scale Mail Armor
37:55 Murder Holes
38:21 Ballistics
38:14 Clinker Construction
38:14 Careening
38:15 Masonry
37:57 Heated Shot
42:49 Capped Ram
44:10 Gold Mining
49:40 Imperial Age
48:48 Leather Archer Armor
51:35 Chemistry
50:33 Siege Ram
52:14 Plate Barding Armor
51:31 Elite Kipchak
51:43 Pikeman
54:29 Blast Furnace
53:46 Chain Mail Armor
55:10 Two-Man Saw
54:56 Crop Rotation
| LEON | SAPULHA
6:30 Loom
17:02 Feudal Age
21:46 Castle Age
29:47 Horse Collar
29:56 Double-Bit Axe
32:47 Bow Saw
36:42 Imperial Age
34:14 Gold Mining
34:38 Pikeman
37:36 Halberdier
39:54 Elite Conquistador
48:23 Chemistry
54:41 Scale Mail Armor
54:52 Forging
Sac11111942
11:08 Feudal Age
11:01 Loom
12:02 Double-Bit Axe
26:12 Wheelbarrow
28:21 Castle Age
28:12 Fletching
31:07 Bodkin Arrow
34:56 Imperial Age
32:56 Hand Cart
33:40 Forging
34:19 Scale Barding Armor
35:10 Bloodlines
36:01 Bow Saw
37:14 Husbandry
36:48 Pikeman
41:58 Two-Man Saw
41:33 Light Cavalry
43:09 Citadels
43:26 Gold Mining
48:26 Hussar
49:51 Masonry
50:50 Chain Barding Armor
Gatito_JOE
4:54 Loom
15:39 Feudal Age
23:26 Double-Bit Axe
25:46 Castle Age
24:03 Fishing Lines
26:24 Gillnets
27:37 Light Cavalry
30:48 Wheelbarrow
29:58 Town Watch
32:06 Medium Warships
32:27 Bow Saw
35:13 Stone Mining
35:14 Gold Mining
43:57 Imperial Age
43:42 Murder Holes
46:00 Chemistry
45:22 Caravan
53:30 Two-Man Saw
54:28 Bloodlines
tuberculito
3:08 Loom
13:44 Feudal Age
13:53 Man-at-Arms
22:23 Castle Age
21:35 Forging
21:26 Scale Mail Armor
22:34 Fishing Lines
24:23 Pikeman
25:06 Town Watch
25:57 Wheelbarrow
25:13 Double-Bit Axe
25:25 Gillnets
27:31 Bow Saw
29:03 Hand Cart
28:49 Town Patrol
32:00 Stone Mining
32:01 Gold Mining
36:49 Horse Collar
39:44 Imperial Age
38:32 Crossbowman
44:30 Gold Shaft Mining
48:36 Two-Man Saw
47:47 Squires
47:33 Arson
48:52 Heavy Plow
AlexMercier
14:11 Feudal Age
14:53 Town Watch
17:42 Castle Age
18:19 Double-Bit Axe
18:17 Horse Collar
18:58 Gold Mining
20:33 Heavy Plow
20:28 Stone Mining
21:07 Bow Saw
22:14 Husbandry
22:29 Bloodlines
24:10 Scale Barding Armor
24:24 Forging
27:30 Chain Barding Armor
30:08 Iron Casting
34:46 Imperial Age
32:07 Loom
35:07 Loom
35:21 Elite Battle Elephant
38:04 Plate Barding Armor
38:09 Crop Rotation
39:03 Blast Furnace
50:26 Caravan
Alfita EZ
9:39 Loom
12:29 Feudal Age
13:49 Double-Bit Axe
17:31 Fletching
18:35 Wheelbarrow
19:33 Padded Archer Armor
23:22 Horse Collar
26:28 Castle Age
25:47 Scale Mail Armor
25:57 Forging
25:49 Town Watch
26:33 Elite Skirmisher
29:38 Pikeman
32:38 Bodkin Arrow
32:59 Leather Archer Armor
34:05 Eagle Warrior
43:14 Imperial Age
Connection lost

Rejoining the realm…

Still unreachable

The connection could not be restored.

Session expired

The server has moved on; the page needs a fresh start.